 Dungeon Crawl Stone Soup version 0.19.4-10-g532645f (webtiles) character file.

6596 ShornTheSheep the Spear-Bearer (level 10, -1/135 HPs)
             Began as a Minotaur Berserker on Feb 24, 2017.
             Was a High Priest of Trog.
             Succumbed to a spiny frog's poison
             ... on level 1 of the Lair of Beasts.
             The game lasted 00:34:29 (7352 turns).

ShornTheSheep the Spear-Bearer (Minotaur Berserker) Turns: 7352, Time: 00:34:30

Health: -1/135     AC: 22    Str: 29    XL:     10   Next: 71%
Magic:  9/9        EV: 11    Int:  5    God:    Trog [*****.]
Gold:   654        SH:  0    Dex: 10    Spells: 0 memorised, 9 levels left

rFire  . . .     SeeInvis .     q - +1 glaive (protect)
rCold  . . .     Gourm    .     y - +0 chain mail
rNeg   . . .     Faith    .     (shield currently unavailable)
rPois  .         Spirit   .     (helmet restricted)
rElec  .         Reflect  .     (no cloak)
rCorr  +         Harm     .     (no gloves)
MR     .....                    d - +2 pair of boots
Stlth  ..........               (no amulet)
                                (no ring)
                                m - ring of resist corrosion

@: berserking, lethally poisoned (-1 -> -27), protection aura, very quick
A: retaliatory headbutt, horns 2
a: Berserk, Trog's Hand, Brothers in Arms, Burn Spellbooks, Renounce Religion


You were on level 1 of the Lair of Beasts.
You worshipped Trog.
Trog was extremely pleased with you.
You were not hungry.

You visited 2 branches of the dungeon, and saw 10 of its levels.

You collected 654 gold pieces.

Inventory:

Hand Weapons
 i - a +0 hand axe of chopping
 q - a +1 glaive of protection (weapon)
Armour
 d - a +2 pair of boots (worn)
 y - a +0 chain mail (worn)
Jewellery
 b - an uncursed ring of positive energy
 g - an uncursed ring of protection from fire
 m - a ring of resist corrosion (left hand)
 x - an uncursed ring of flight
Wands
 c - a wand of random effects (29/48)
 h - a wand of flame (26/48)
 n - a wand of slowing (33/48)
 u - a wand of iceblast (9/15)
 w - a wand of iceblast (10/15)
 C - a wand of random effects (27/48)
 G - a wand of paralysis (13/24)
 I - a wand of teleportation (5/9)
Scrolls
 a - 2 scrolls of fear
 A - 4 scrolls of remove curse
 B - a scroll of magic mapping
 E - 2 scrolls of teleportation
 F - a scroll of identify
 H - a scroll of noise {unknown}
 J - a scroll of blinking
Potions
 e - a potion of mutation {unknown}
 f - 4 potions of might
 k - 2 potions of curing
 l - a potion of brilliance {unknown}
 o - 3 potions of heal wounds {unknown}
 p - a potion of lignification {unknown}
 r - 2 potions of magic {unknown}
 s - a potion of cancellation {unknown}
 t - a potion of beneficial mutation {unknown}
 z - a potion of berserk rage {unknown}
 D - a potion of resistance {unknown}
Comestibles
 j - a meat ration
 v - 6 bread rations


   Skills:
 + Level 8.6 Fighting
 + Level 5.4(9.5) Axes
 + Level 11.9(12.7) Polearms
   Level 4.8(9.2) Staves
 + Level 10.2 Armour
 + Level 5.2 Dodging
 + Level 1.2 Stealth


You had 9 spell levels left.
You didn't know any spells.

Dungeon Overview and Level Annotations

Branches:
Dungeon (9/15)             Temple (0/1) D:5            Lair (1/6) D:9
    Orc: D:9-12

Altars:
Ashenzari
Dithmenos
Elyvilon
Kikubaaqudgha
Nemelex Xobeh
Ru
Trog
Vehumet
Xom
Zin
The Shining One


Innate Abilities, Weirdness & Mutations

You reflexively headbutt those who attack you in melee.
You have a pair of horns on your head.


Message History

You slice the blink frog!! Your headbutt misses the blink frog.
The blink frog is severely wounded.
* * * LOW HITPOINT WARNING * * *
You feel sick. The spiny frog closely misses you.
The blink frog closely misses you. You furiously retaliate!
You headbutt the blink frog! You slash the blink frog!
You kill the blink frog!
Trog accepts your kill.
Your Armour skill increases to level 10!
* * * LOW HITPOINT WARNING * * *
You feel very sick. The spiny frog barely misses you. You furiously retaliate!
You headbutt the spiny frog.
You feel the power of Trog in you as your rage grows.
You kill the spiny frog!
Trog accepts your kill.
You slash the blink frog! Your headbutt misses the blink frog.
The blink frog is moderately wounded.
You die...

##.........##
##..+.(....#
##.⌠.#....#
##......#..#
###..........#
#............#
#......}...F##
#...##...#....###
...##..⌠.###.H†@#
..# #..... #..F##
.. #.......#...#
#.F.>..#..⌠.>#
##F....#(......
##....###...... .
...#... ........


You could see a hippogriff and 2 blink frogs.

Vanquished Creatures
  The ghost of Laauton the Cleaver, a novice GrBe of Trog (Lair:1)
  The ghost of Kosschaser the Shield-Bearer, a novice GrFi of Zin (D:7)
  An elephant (D:9)
  A spiny frog (Lair:1)
  A two-headed ogre (D:8)
  2 hippogriffs
  A blink frog (Lair:1)
  A spriggan (D:7)
  Menkaure (D:5)
  Edmund (D:5)
  2 water moccasins
  Duvessa (D:6)
  3 black bears
  2 sky beasts
  3 phantoms
  A necrophage (D:8)
  4 ogres
  2 centaurs
  2 crocodiles (D:9)
  A big kobold (D:8)
  Blork the orc (D:5)
  4 bullfrogs
  Dowan (D:6)
  3 scorpions
  2 jellies
  5 killer bees (D:7)
  A crimson imp (D:6)
  A bullfrog zombie (D:5)
  A bullfrog skeleton (D:6)
  4 hounds
  2 centaur skeletons
  6 orc wizards
  4 worker ants
  A hound zombie (D:6)
  2 hound skeletons (D:6)
  3 worker ant zombies
  4 gnolls (D:8)
  13 adders
  An ooze (D:6)
  2 adder zombies (D:8)
  2 adder skeletons
  3 worms (D:3)
  2 dart slugs
  7 leopard geckos
  34 orcs
  6 giant cockroaches
  5 goblins (D:1)
  6 hobgoblins
  3 jackals (D:7)
  2 quokkas
  7 ball pythons
  15 bats
  6 frilled lizards
  12 kobolds
  4 rats
  A butterfly (D:8)
  A fungus (D:8)
209 creatures vanquished.

Vanquished Creatures (collateral kills)
  A manticore (D:9)
  An ogre (D:9)
  An adder (D:9)
  An orc (D:9)
4 creatures vanquished.

Grand Total: 213 creatures vanquished

Notes
Turn   | Place    | Note
-------+----------+-------------------------------------------
     0 | D:1      | ShornTheSheep the Minotaur Berserker began the quest for the Orb.
     0 | D:1      | Reached XP level 1. HP: 19/19 MP: 0/0
    78 | D:1      | Reached XP level 2. HP: 14/27 MP: 1/1
   700 | D:1      | Reached XP level 3. HP: 34/34 MP: 2/2
   781 | D:1      | Reached ** piety under Trog
  1280 | D:2      | Reached skill level 5 in Fighting
  1280 | D:2      | Reached XP level 4. HP: 33/42 MP: 3/3
  1609 | D:3      | Found a shadowy altar of Dithmenos.
  1967 | D:3      | Reached *** piety under Trog
  2091 | D:3      | Reached XP level 5. HP: 48/48 MP: 4/4
  2200 | D:3      | Found a glowing silver altar of Zin.
  2492 | D:3      | Reached skill level 5 in Axes
  2670 | D:4      | Reached skill level 1 in Staves
  2707 | D:4      | Noticed an ogre
  2713 | D:4      | Killed an ogre
  2713 | D:4      | Reached XP level 6. HP: 43/56 MP: 5/5
  2935 | D:4      | Found a sacrificial altar of Ru.
  2981 | D:5      | Entered Level 5 of the Dungeon
  2981 | D:5      | Noticed Edmund
  2994 | D:5      | Killed Edmund
  3064 | D:5      | Noticed Blork the orc
  3071 | D:5      | Killed Blork the orc
  3071 | D:5      | Reached XP level 7. HP: 50/62 MP: 6/6
  3077 | D:5      | Noticed Menkaure
  3084 | D:5      | Killed Menkaure
  3084 | D:5      | Reached skill level 5 in Armour
  3269 | D:5      | Found a staircase to the Ecumenical Temple.
  3835 | D:6      | Found a shattered altar of Ashenzari.
  3956 | D:6      | Found a radiant altar of Vehumet.
  3959 | D:6      | Found a bloodstained altar of Trog.
  3962 | D:6      | Found a white marble altar of Elyvilon.
  3965 | D:6      | Found an ancient bone altar of Kikubaaqudgha.
  4122 | D:6      | Reached XP level 8. HP: 67/71 MP: 7/7
  4126 | D:6      | Reached skill level 1 in Polearms
  4136 | D:6      | Reached **** piety under Trog
  4151 | D:6      | Noticed Dowan
  4152 | D:6      | Noticed Duvessa
  4157 | D:6      | Killed Duvessa
  4157 | D:6      | Reached skill level 2 in Polearms
  4162 | D:6      | Killed Dowan
  4224 | D:6      | Reached skill level 3 in Polearms
  4455 | D:6      | Reached skill level 4 in Polearms
  4798 | D:7      | Reached skill level 5 in Polearms
  4856 | D:7      | Reached skill level 6 in Polearms
  4909 | D:7      | Reached skill level 7 in Polearms
  4966 | D:7      | Reached XP level 9. HP: 35/79 MP: 8/8
  5175 | D:7      | Found a sparkling altar of Nemelex Xobeh.
  5182 | D:7      | Noticed Kosschaser's ghost (novice GrFi)
  5197 | D:7      | Killed Kosschaser's ghost
  5197 | D:7      | Reached ***** piety under Trog
  5197 | D:7      | Reached skill level 8 in Polearms
  5367 | D:7      | Found a glowing golden altar of the Shining One.
  5604 | D:8      | Reached skill level 9 in Polearms
  5702 | D:8      | Found a shimmering altar of Xom.
  5713 | D:8      | Reached skill level 5 in Dodging
  5716 | D:8      | Received a gift from Trog
  5765 | D:8      | Reached skill level 10 in Polearms
  5973 | D:8      | Reached XP level 10. HP: 87/88 MP: 9/9
  6198 | D:8      | Got a warped scale mail
  6199 | D:8      | Identified the cursed +0 scale mail of Atheism {*Slow Str+3 Int-5 Dex+10} (You found it on level 8 of the Dungeon)
  6251 | D:9      | Noticed a manticore
  6284 | D:9      | Killed a manticore
  6287 | D:9      | Reached skill level 1 in Stealth
  6629 | D:9      | Found a staircase to the Lair.
  6629 | D:9      | Noticed an elephant
  6650 | D:9      | Killed an elephant
  6650 | D:9      | Reached skill level 11 in Polearms
  7193 | Lair:1   | Entered Level 1 of the Lair of Beasts
  7326 | Lair:1   | Noticed a spiny frog
  7331 | Lair:1   | Noticed Laauton's ghost (novice GrBe)
  7349 | Lair:1   | Killed Laauton's ghost
  7349 | Lair:1   | HP: 4/135 [spiny frog (12)]
  7351 | Lair:1   | Reached skill level 10 in Armour
  7351 | Lair:1   | HP: 1/135 [poisoned by a spiny frog]
  7351 | Lair:1   | Killed a spiny frog
  7352 | Lair:1   | Succumbed to a spiny frog's poison

Skill      XL: |  1  2  3  4  5  6  7  8  9 10 |
---------------+-------------------------------+-----
Fighting       | 4 5 6 7 8 |  8.6
Axes           | 4 5 |  5.4
Armour         | 3 4 6 7 8 10 | 10.2
Dodging        | 3 4 5 |  5.2
Staves         | 1 3 4 |  4.8
Polearms       | 7 10 11 | 11.9
Stealth        | 1 |  1.2

Action                   |  1- 3 |  4- 6 |  7- 9 | 10-12 || total
-------------------------+-------+-------+-------+-------++-------
Melee: Hand axe          |    86 |    43 |       |       ||   129
       Headbutt          |    12 |    23 |    56 |    18 ||   109
       Quarterstaff      |       |    96 |    70 |       ||   166
       Glaive            |       |       |   223 |    93 ||   316
Invok: Burn Spellbooks   |       |     1 |     1 |       ||     2
       Berserk           |       |       |     1 |     1 ||     2
       Brothers in Arms  |       |       |       |     2 ||     2
  Use: Scroll            |       |     8 |    11 |     1 ||    20
       Potion            |       |       |     4 |     1 ||     5
  Eat: Beef jerky        |     1 |       |       |       ||     1
       Bread ration      |       |     2 |     1 |       ||     3
       Pizza             |       |       |     1 |       ||     1
       Meat ration       |       |       |       |     2 ||     2
Armor: Animal skin       |    16 |       |       |       ||    16
       Chain mail        |    10 |    93 |   228 |    69 ||   400
Dodge: Dodged            |    67 |    80 |   163 |    61 ||   371
